 Dungeon Crawl Stone Soup version 0.29.1-12-g30fa7ad0bf (webtiles) character file.

Game seed: 3520029796281958589

4921 Gabide the Fighter (level 10, 0/85 HPs)
             Began as a Mummy Berserker on Dec 13, 2022.
             Was a Priest of Trog.
             Slain by an orc knight
             ... wielding a +0 war axe
              (21 damage)
             ... in a bailey.
             The game lasted 00:14:28 (10926 turns).

Gabide the Fighter (Mummy Berserker)               Turns: 10926, Time: 00:14:28

Health: 0/85       AC:  9    Str: 24    XL:     10   Next: 27%
Magic:  10/10      EV: 14    Int:  6    God:    Trog [***...]
Gold:   438        SH:  0    Dex: 13    Spells: 9/9 levels left

rFire   x . .      SeeInvis .     - Unarmed
rCold   + . .      Faith    .   (no shield)
rNeg    + + +      Spirit   .   r - +0 steam dragon scales
rPois   ∞          Reflect  .   c - +2 hat
rElec   .          Harm     .   d - +0 cloak
rCorr   .          Rampage  .   j - +0 pair of gloves
Will    ++...                   (no boots)
Stlth   +.........              k - amulet of the acrobat
HPRegen 0.24/turn               i - ring of willpower
MPRegen 0.12/turn               (no ring)

@: no status effects
A: cold resistance 1, negative energy resistance 3, torment resistance 2, heat
vulnerability 1, in touch with death 1, no potions
a: Renounce Religion, Trog's Hand


You were in a bailey.
You worshipped Trog.
Trog was most pleased with you.
You visited 1 branch of the dungeon, and saw 8 of its levels.
You also visited: Sewer and Bailey.

You collected 438 gold pieces.

Inventory:

Hand Weapons
 a - a +0 arbalest
Missiles
 p - 2 silver javelins (quivered)
Armour
 c - a +2 hat (worn)
 d - a +0 cloak (worn)
 j - a +0 pair of gloves (worn)
 r - +0 steam dragon scales (worn)
Jewellery
 i - a ring of willpower (left hand)
 k - an amulet of the acrobat (around neck)
Wands
 e - a wand of polymorph (13)
Scrolls
 f - a scroll of fear
 g - 5 scrolls of teleportation
 h - a scroll of brand weapon
 l - a scroll of immolation {unknown}
 m - a scroll of summoning {unknown}
 o - a scroll of amnesia
 q - 2 scrolls of enchant weapon {unknown}


   Skills:
 * Level 10.0 Fighting
 - Level 2.0 Armour
 + Level 5.8 Dodging
 * Level 8.5 Unarmed Combat


You had 9 spell levels left.
You didn't know any spells.
Your spell library was empty.

Dungeon Overview and Level Annotations

Branches:
Dungeon (8/15)             Temple (0/1) D:6           Sewer (visited)
 Bailey (1/1)
   Lair: D:8-11

Altars:
Cheibriados
Nemelex Xobeh
Okawaru
Trog
Wu Jian


Innate Abilities, Weirdness & Mutations

You are immune to poison.
Your flesh is cold resistant. (rC+)
You are immune to negative energy. (rN+++)
You are immune to unholy pain and torment.
You are vulnerable to heat. (rF-)
You are in touch with the powers of death.
You do not drink.


Message History

You shoot a bolt. The bolt barely misses the orc knight.
You shoot a bolt. The bolt hits the orc knight.
The orc knight is lightly wounded.
You are now empty-handed.
Aiming: Polymorph
Press: ? - help, Shift-Dir - straight line, f/p - orc knight
Aim: an orc knight, wielding a +0 war axe and wearing a +0 plate armour (lightly wounded, will become a black mamba, an elephant, or a manticore, chance to affect: 31%)
Okay, then.
Unknown command.
As you read the scroll labelled YMIWAU HEKAVA, it crumbles to dust.
It is a scroll of amnesia.
You feel forgetful for a moment.
You punch the orc knight!
The orc knight is moderately wounded.
The orc knight hits you with a +0 war axe.
You closely miss the orc knight.
The orc knight is moderately wounded.
The orc knight hits you with a +0 war axe!
You don't know any spells.
You fail to use your ability.
The gnoll closely misses you. The orc knight barely misses you.
You don't know any spells.
You fail to use your ability.
The gnoll barely misses you. The orc knight barely misses you.
You fail to use your ability.
The gnoll hits you with a +0 war axe.
The orc knight hits you with a +0 war axe.
You fail to use your ability.
The gnoll closely misses you.
The orc knight hits you with a +0 war axe!
Your black bear goes berserk!
You can no longer call in reinforcements.
The gnoll hits you with a +0 war axe.
The gnoll hits your black bear with a +0 war axe.
The orc knight hits you with a +0 war axe!!
* * * LOW HITPOINT WARNING * * *
Your black bear bites the gnoll.
Your black bear barely misses the gnoll.
Your black bear claws the gnoll!
The gnoll closely misses you.
The gnoll hits your black bear with a +0 war axe.
The orc knight hits you with a +0 war axe!!
You die...

#≈≈≈≈≈# #≈≈≈≈≈#
#≈≈≈≈≈### #≈≈≈≈≈~.#
######.≈≈≈≈~.#
#......≈≈≈≈~.#++###
###......≈≈≈≈~.#.....
#..............'.....
#∩..@o.........)..⌠..
#....g.........).....
###...h..≈≈≈≈~.#.....
#......≈≈≈≈~.#''###
######.≈≈≈≈~.#....
#≈≈≈≈≈~.#.....
#≈≈≈≈≈######.o
#≈≈≈≈≈# .8 #≈≈≈≈≈# .


You could see an orc knight, a gnoll (ally target) and a friendly black bear
(summoned, berserk).

Vanquished Creatures
  Pikel (D:5)
  Prince Ribbit (D:6)
  Grinder (D:6)
  A water moccasin (D:6)
  A swamp drake (D:7)
  2 ice beasts
  3 black bears
  A tengu (D:7)
  8 ogres
  3 centaurs
  3 lemures (D:5)
  A phantom (D:5)
  3 kobold brigands
  Blork the orc (D:5)
  5 scorpions
  2 bullfrogs (D:5)
  A necrophage (D:5)
  A wight (D:6)
  6 killer bees (D:7)
  2 jellies
  3 orc priests
  9 hounds
  4 gnoll boudas
  5 orc wizards
  8 iguanas
  19 gnolls
  7 adders
  A river rat (Sewer)
  2 white imps (D:5)
  5 worms
  2 dart slugs
  13 orcs
  4 ball pythons
  3 endoplasms
  2 giant cockroaches
  5 goblins
  15 hobgoblins
  A jackal (Sewer)
  3 quokkas
  5 bats
  4 frilled lizards
  14 kobolds
  9 rats
190 creatures vanquished.

Vanquished Creatures (collateral kills)
  An orc warrior (D:7)
  A gnoll (D:7)
2 creatures vanquished.

Vanquished Creatures (others)
  A fungus (D:7)
  18 plants
19 creatures vanquished.

Grand Total: 211 creatures vanquished

Notes
Turn   | Place    | Note
-------+----------+-------------------------------------------
     0 | D:1      | Gabide the Mummy Berserker began the quest for the Orb.
     0 | D:1      | Reached XP level 1. HP: 18/18 MP: 1/1
   430 | D:1      | Reached XP level 2. HP: 19/24 MP: 2/2
   561 | D:1      | You fall into a shaft and drop 1 floor!
   793 | D:1      | Found a faded altar of an unknown god.
  1243 | D:2      | Gained mutation: You are in touch with the powers of death.
                  | [Mummy growth]
  1243 | D:2      | Reached XP level 3. HP: 21/29 MP: 3/3
  1375 | D:2      | Reached ** piety under Trog
  2290 | D:3      | Reached XP level 4. HP: 22/35 MP: 4/4
  2871 | D:4      | Noticed a scorpion
  2895 | D:4      | Killed a scorpion
  2896 | D:4      | Reached XP level 5. HP: 18/42 MP: 5/5
  3164 | D:4      | Found a glowing drain.
  3168 | Sewer    | Entered a sewer
  3187 | Sewer    | Reached skill level 4 in Fighting
  3316 | Sewer    | Reached XP level 6. HP: 27/49 MP: 6/6
  3746 | D:5      | Entered Level 5 of the Dungeon
  3890 | D:5      | Noticed Pikel
  4007 | D:5      | Killed Pikel
  4008 | D:5      | Reached skill level 5 in Fighting
  4008 | D:5      | Reached skill level 5 in Unarmed Combat
  4008 | D:5      | Reached XP level 7. HP: 56/57 MP: 7/7
  4032 | D:5      | Reached skill level 6 in Fighting
  4106 | D:5      | Found an iron altar of Okawaru.
  4230 | D:5      | Noticed Blork the orc
  4234 | D:5      | Reached XP level 8. HP: 65/65 MP: 8/8
  4245 | D:5      | Killed Blork the orc
  4313 | D:5      | Found a sparkling altar of Nemelex Xobeh.
  4612 | D:5      | Reached *** piety under Trog
  4636 | D:5      | Reached skill level 7 in Fighting
  5628 | D:6      | Found a snail-covered altar of Cheibriados.
  5678 | D:6      | Found a staircase to the Ecumenical Temple.
  5694 | D:6      | Noticed Prince Ribbit
  5740 | D:6      | Killed Prince Ribbit
  5761 | D:6      | Reached XP level 9. HP: 49/74 MP: 9/9
  5948 | D:6      | Reached skill level 8 in Fighting
  5966 | D:6      | Found a bloodstained altar of Trog.
  5968 | D:6      | Found an ornate altar of the Wu Jian Council.
  6228 | D:6      | Noticed Grinder
  6355 | D:6      | Reached skill level 5 in Dodging
  6373 | D:6      | Killed Grinder
  6970 | D:6      | Reached **** piety under Trog
  7125 | D:6      | Reached skill level 9 in Fighting
  8962 | D:7      | Reached XP level 10. HP: 23/83 MP: 10/10
 10535 | D:7      | Reached skill level 10 in Fighting
 10817 | D:8      | Found a flagged portal.
 10826 | Bailey   | Entered a bailey
 10901 | Bailey   | Noticed an orc knight
 10926 | Bailey   | Slain by an orc knight

Illustrated notes

Levels and vault maps discovered:
D:1:      matt_arrival_refuge, layout_loops_ring, ebering_ecumenical_altar_rust
D:2:      layout_loops_ring
D:3:      layout_rooms
D:4:      layout_gridville, gup_sewer_entry_bowl
D:5:      minmay_spotlight, layout_basic, lemuel_doored_altar, okawaru_trees_2,
          kennysheep_generic_room_3, uniq_pikel, uniq_blork_the_orc
D:6:      kennysheep_housing_project, layout_cave_pods, bloody_trog,
          kennysheep_slug_shrine, overflow_temple_1_default,
          minmay_temple_entry_slanted, kennysheep_small_circle,
          uniq_prince_ribbit1, uniq_grinder
D:7:      kennysheep_seaside_town, layout_basic, chequers_decorated_corner
D:8:      layout_loops_cross, enter_bailey_2, serial_bayou_lagoon_a,
          kennysheep_path_1, serial_park_tiny_1, minmay_manual_mail
Bailey:   bailey_axe_of_yendor_kennysheep, bailey

Skill      XL: |  1  2  3  4  5  6  7  8  9 10 |
---------------+-------------------------------+-----
Unarmed Combat | 3 4 5 6 8 |  8.5
Armour         | 2 |  2.0
Dodging        | 2 3 4 5 |  5.8
Fighting       | 4 5 6 7 9 10 | 10.0

Action                   |  1- 3 |  4- 6 |  7- 9 | 10-12 || total
-------------------------+-------+-------+-------+-------++-------
Melee: Unarmed           |   186 |   131 |     9 |   139 ||   465
       Punch             |     4 |     1 |       |    11 ||    16
       Quarterstaff      |       |    57 |   479 |       ||   536
 Fire: Arbalest          |       |       |       |     3 ||     3
Throw: Throwing net      |       |     1 |       |       ||     1
       Javelin           |       |       |     2 |     3 ||     5
Invok: Trog's Hand       |       |     2 |     2 |     1 ||     5
       Brothers in Arms  |       |       |       |     2 ||     2
Evoke: Wand              |       |       |     8 |     5 ||    13
  Use: Scroll            |       |     6 |     3 |     2 ||    11
 Stab: Sleeping          |     1 |       |       |       ||     1
Armor: Animal skin       |    20 |       |       |       ||    20
       Ring mail         |    43 |    68 |   148 |       ||   259
       Steam dragon scal |       |       |    18 |    29 ||    47
Dodge: Dodged            |    89 |    82 |   356 |   131 ||   658
